 Dungeon Crawl Stone Soup version 0.32-a0-7-ge934b4519a (webtiles) character file.

Game seed: 9438991023046909732

557 Laraso the Carver (level 7, 11/57 HPs)
             Began as a Pale Draconian Monk on Jan 13, 2024.
             Quit the game on level 4 of the Dungeon.
             The game lasted 00:04:14 (3767 turns).

Laraso the Carver (Pale Draconian Monk)             Turns: 3767, Time: 00:04:15

Health: 11/57      AC:  7    Str: 13    XL:     7   Next: 9%
Magic:  7/7        EV: 12    Int: 11    God:
Gold:   200        SH:  0    Dex: 15    Spells: 6/6 levels left

rFire   . . .        a - +0 falchion
rCold   . . .        c - orb {light}
rNeg    . . .        (body armour unavailable)
rPois   .            (helmet restricted)
rElec   .            f - +0 cloak
rCorr   .            (no gloves)
SInv    .            (no boots)
Will    .....        (no amulet)
Stlth   +            (no ring)
HPRegen 0.29/turn    (no ring)
MPRegen 0.10/turn

%: no passive effects
@: glowing
A: breathe steam, AC +6, unfitting armour, cold-blooded, steam resistance
a: Breathe Steam


You were on level 4 of the Dungeon.
You visited 1 branch of the dungeon, and saw 5 of its levels.

You collected 200 gold pieces.

Inventory:

Hand Weapons
 a - a +0 falchion (weapon)
Missiles
 d - 2 poisoned darts (quivered)
Armour
 c - an orb of light (worn)
 f - a +0 cloak (worn)
Wands
 k - a wand of polymorph (12)
Scrolls
 j - 2 scrolls of teleportation
 l - a scroll of immolation {unknown}
 m - a scroll of silence {unknown}
Potions
 b - 2 potions of ambrosia
 e - a potion of mutation {unknown}
 g - 4 potions of curing
 h - 2 potions of attraction
 i - a potion of enlightenment {unknown}
 n - a potion of heal wounds {unknown}


   Skills:
 - Level 3.2 Fighting
 * Level 8.2 Long Blades
 - Level 2.6 Dodging


You had 6 spell levels left.
You didn't know any spells.
Your spell library contained the following spells:

 Spells                   Type           Power      Damage    Failure   Level
 Necrotise                Necr           0%         1d4       34%         1
 Ensorcelled Hibernation  Hex/Ice        0%         N/A       47%         2
 Fugue of the Fallen      Necr           0%         N/A       71%         3
 Gell's Gravitas          Tloc           0%         N/A       71%         3
 Teleport Other           Tloc           0%         N/A       71%         3
 Vampiric Draining        Necr           0%         2d6       71%         3
 Anguish                  Hex/Necr       0%         N/A       98%         4
 Martyr's Knell           Necr/Summ      0%         N/A       98%         4
 Curse of Agony           Necr           0%         N/A       100%        5
 Dispersal                Tloc           0%         N/A       100%        6


Dungeon Overview and Level Annotations

Branches:
Dungeon (5/15)             Temple (0/1) D:5

Altars:
Qazlal


Innate Abilities, Weirdness & Mutations

You can breathe blasts of scalding, opaque steam.
Your pale cyan-grey scales are hard. (AC +6)
You cannot fit into any form of body armour.
You are cold-blooded and may be slowed by cold attacks.
You are immune to the effects of steam.


Message History

The quokka closely misses you. The bullfrog closely misses you.
The quokka misses you. The quokka attacks as it pursues you!
The quokka bites you. The bullfrog attacks as it pursues you!
The bullfrog closely misses you. The quokka attacks as it pursues you!
The quokka barely misses you. The bullfrog hits you.
The quokka attacks as it pursues you! The quokka bites you.
There is a stone staircase leading up here.
The bullfrog closely misses you. The quokka bites you. The bullfrog hits you.
You climb upwards.
There is a stone staircase leading down here.
The bullfrog attacks as it pursues you!
The bullfrog hits you but does no damage.
The quokka closely misses you. The bullfrog attacks as it pursues you!
The bullfrog barely misses you. The bullfrog closely misses you.
You barely miss the bullfrog. The bullfrog hits you.
You hit the bullfrog. You tail-slap the bullfrog.
The bullfrog is moderately wounded.
The bullfrog closely misses you.
You slash the bullfrog!
The bullfrog is severely wounded.
The bullfrog closely misses you.
The quokka twitches its whiskers.
The bullfrog hits you.
* * * LOW HITPOINT WARNING * * *
You hit the bullfrog.
The bullfrog is almost dead.
The bullfrog hits you.
* * * LOW HITPOINT WARNING * * *
You slash the bullfrog!
You kill the bullfrog!
Your Long Blades skill increases to level 8!
You have reached level 7!
Your scales start taking on a pale cyan-grey colour.
You learn Fire Magic quicker.
You learn Air Magic quicker.
You learn Evocations quicker.
You can breathe blasts of scalding, opaque steam.
You are now immune to the effects of steam.
Are you sure you want to abandon this character and quit the game? (Confirm with "yes".)

############ #..........#
#.########.# #.# #@#
###[########r###########
#...........>..........######
#####.#..#.........#####.........
.................#.#<..#.#.###.##
#####.#..#.####..#.#...#...# #.#
#.#..#.####..#.......#.###.#
#.#..#.#..........>........#
#.#..#.#.##..#..........##.##


You could see a quokka.

Vanquished Creatures
  A bullfrog (D:4)
  A scorpion (D:4)
  A vampire bat (D:4)
  A bombardier beetle (D:2)
  3 hounds
  2 iguanas (D:4)
  A sleepcap (D:4)
  2 adders
  3 fire bats (D:4)
  2 ribbon worms (D:3)
  An orc (D:4)
  2 spectral bats (D:4)
  4 ball pythons
  15 bats
  3 bat skeletons (D:4)
  A bat zombie (D:4)
  5 endoplasms
  3 giant cockroaches
  10 goblins
  7 hobgoblins
  9 jackals
  6 quokkas
  A bat simulacrum (D:4)
  4 frilled lizards
  10 kobolds
  10 rats
108 creatures vanquished.

Notes
Turn   | Place    | Note
-------+----------+-------------------------------------------
     0 | D:1      | Laraso the Draconian Monk began the quest for the Orb.
     0 | D:1      | Reached XP level 1. HP: 19/19 MP: 1/1
    62 | D:1      | Reached XP level 2. HP: 12/26 MP: 2/2
   235 | D:1      | Reached skill level 4 in Long Blades
   519 | D:1      | Reached XP level 3. HP: 28/31 MP: 3/3
  1051 | D:2      | Reached XP level 4. HP: 29/38 MP: 4/4
  1138 | D:2      | Reached skill level 5 in Long Blades
  1194 | D:2      | Identified the +7 mace of Conscience {speed, rN+ Stlth+}
  2249 | D:3      | Reached XP level 5. HP: 45/45 MP: 5/5
  2543 | D:3      | Reached skill level 6 in Long Blades
  2684 | D:3      | Found a stormy altar of Qazlal.
  3068 | D:4      | Reached XP level 6. HP: 34/51 MP: 6/6
  3253 | D:4      | Reached skill level 7 in Long Blades
  3723 | D:5      | Entered Level 5 of the Dungeon
  3736 | D:5      | Found a staircase to the Ecumenical Temple.
  3767 | D:4      | Reached skill level 8 in Long Blades
  3767 | D:4      | Your scales start taking on a pale cyan-grey colour.
  3767 | D:4      | Reached XP level 7. HP: 11/57 MP: 7/7
  3767 | D:4      | Gained mutation: You are immune to the effects of steam.
                  | [Pale Draconian growth]
  3767 | D:4      | Quit the game

Illustrated notes

Levels and vault maps discovered:
D:1:      grunt_arrival_lava_bath, layout_basic, skrybe_limestone_x,
          minmay_misc_feat_tiny
D:2:      layout_basic, lexackson_kobold_supper
D:3:      layout_loops_cross, grunt_qazlal_clouds
D:4:      layout_loops_ring, goddamned_bats
D:5:      layout_rooms, nicolae_hepliaklqana_hazy_memory,
          minmay_temple_entry_glass, nicolae_ossuary_entry_false_entrances,
          roderic_serpentine_path, uniq_ijyb

Skill      XL: |  1  2  3  4  5  6 |
---------------+-------------------+-----
Long Blades    | 4 5 6 8 |  8.2
Fighting       | |  3.2
Dodging        | |  2.6

Action                     |  1- 3 |  4- 6 |  7- 9 || total
---------------------------+-------+-------+-------++-------
  Melee: Falchion          |    79 |   195 |       ||   274
         Tailslap          |     9 |    30 |       ||    39
  Throw: Dart              |       |     2 |       ||     2
    Use: Scroll            |       |     7 |       ||     7
 Armour: Skin              |    44 |   142 |       ||   186
  Dodge: Dodged            |    52 |   176 |       ||   228

Table legend: (Time is in decaauts)
 A = Elapsed time spent in this place.
 B = Non-inter-level travel time spent in this place.
 C = Inter-level travel time spent in this place.
 D = Time resting spent in this place.
 E = Time spent auto-exploring this place.
 F = Levels seen in this place.
 G = Mean time per level.
                   A        B        C        D        E       F      G
               +--------+--------+--------+--------+--------+-----+--------+
         Total |   3777 |   3589 |    188 |    150 |   2799 |   5 |  755.4 |
       Dungeon |   3777 |   3589 |    188 |    150 |   2799 |   5 |  755.4 |
               +--------+--------+--------+--------+--------+-----+--------+

Top non-repeatable levels by time:
     D:2: 1089 daAuts
     D:1: 1039 daAuts
     D:4: 839 daAuts
     D:3: 774 daAuts
     D:5: 34 daAuts
